 Dungeon Crawl Stone Soup version 0.20-a0-187-ge5586d949a (webtiles) character file.

161 TabMonster the Chopper (level 5, 0/47 HPs)
             Began as a Minotaur Berserker on Nov 23, 2016.
             Was a Believer of Trog.
             Succumbed to a kobold's poison
             ... on level 3 of the Dungeon.
             The game lasted 00:22:38 (3767 turns).

TabMonster the Chopper (Minotaur Berserker)         Turns: 3767, Time: 00:22:38

Health: 0/47       AC: 11    Str: 22    XL:     5   Next: 19%
Magic:  4/4        EV:  9    Int:  4    God:    Trog [**....]
Gold:   155        SH:  0    Dex: 10    Spells: 4/4 levels left

rFire  . . .     SeeInvis .     u - -1 war axe
rCold  . . .     Gourm    .     e - +1 chain mail
rNeg   . . .     Faith    .     (no shield)
rPois  .         Spirit   .     (helmet restricted)
rElec  .         Reflect  .     m - +0 cloak
rCorr  .         Harm     .     (no gloves)
MR     .....                    (no boots)
Stlth  ..........               (no amulet)
                                (no ring)
                                (no ring)

@: lethally poisoned (0 -> -26)
A: retaliatory headbutt, horns 2
a: Berserk, Trog's Hand, Burn Spellbooks, Renounce Religion


You were on level 3 of the Dungeon.
You worshipped Trog.
Trog was pleased with you.
You were not hungry.

You visited 1 branch of the dungeon, and saw 3 of its levels.

You collected 155 gold pieces.

Inventory:

Hand Weapons
 a - a +0 hand axe
 f - a +0 club
 i - a +0 dagger
 u - a -1 war axe (weapon)
 B - a +0 spear of flaming
Missiles
 g - 98 stones (quivered)
 h - 17 arrows
Armour
 b - a +0 animal skin
 e - a +1 chain mail (worn)
 m - a +0 cloak (worn)
 s - a +0 chain mail
 v - a +0 ring mail
 z - a +0 animal skin
 A - a +0 helmet
Jewellery
 c - a +6 ring of dexterity {unknown}
 l - an uncursed ring of protection from fire {unknown}
 n - an uncursed ring of see invisible {unknown}
Scrolls
 d - a scroll of identify
 j - a scroll of recharging
 p - 2 scrolls of enchant armour
 y - a scroll of remove curse
Potions
 q - a potion of cancellation {unknown}
 t - a potion of mutation {unknown}
 w - a potion of beneficial mutation {unknown}
 x - a potion of degeneration {unknown}
Comestibles
 k - a beef jerky
 o - 4 chunks of flesh
 r - a fruit


   Skills:
 + Level 4.6 Fighting
 + Level 5.0 Axes
 + Level 4.3 Armour
 + Level 2.6 Dodging
 + Level 0.1 Stealth


You had 4 spell levels left.
You didn't know any spells.

Dungeon Overview and Level Annotations

Branches:
Dungeon (3/15)

Altars:
Elyvilon
Gozag
Qazlal
Ru
Zin


Innate Abilities, Weirdness & Mutations

You reflexively headbutt those who attack you in melee.
You have a pair of horns on your head.


Message History

* * * LOW HITPOINT WARNING * * *
You feel sick.
The kobold unwields an uncursed blowgun.
The kobold wields an uncursed short sword.
The kobold hits you but does no damage.
* * * LOW HITPOINT WARNING * * *
You feel sick. The kobold hits you but does no damage.
* * * LOW HITPOINT WARNING * * *
You feel sick. The kobold hits you but does no damage.
* * * LOW HITPOINT WARNING * * *
You feel sick.
The kobold unwields an uncursed short sword.
The kobold wields an uncursed blowgun.
The kobold shoots a poisoned needle.
The poisoned needle hits you!
You are more poisoned.
You see here a poisoned needle.
Unknown command.
* * * LOW HITPOINT WARNING * * *
You feel sick.
You die...

#≈#...?# #≈≈≈...#
#≈#≈...# ≈≈≈≈..# #≈...#
#≈...# #....#########
#####((..#...#...##
#....(..>..@......# ###
#..<.(...K......... ..##
#..........(.......
#..###..................
##.))).÷................
...####.......#...#.....
.### #.........#####....
...# #.........# ....
..## #.........# ...


You could see a kobold.

Vanquished Creatures
  A scorpion (D:3)
  Robin (D:3)
  An adder (D:2)
  An ooze (D:2)
  A worm (D:2)
  4 dart slugs
  A leopard gecko (D:1)
  An orc (D:3)
  6 bats
  6 giant cockroaches
  15 goblins
  13 hobgoblins
  2 jackals (D:2)
  4 frilled lizards (D:1)
  8 kobolds
  6 rats
71 creatures vanquished.

Notes
Turn   | Place    | Note
-------+----------+-------------------------------------------
     0 | D:1      | TabMonster the Minotaur Berserker began the quest for the Orb.
     0 | D:1      | Reached XP level 1. HP: 19/19 MP: 0/0
   532 | D:1      | Reached XP level 2. HP: 27/27 MP: 1/1
   564 | D:1      | Reached skill level 4 in Axes
  1144 | D:1      | Reached XP level 3. HP: 32/33 MP: 2/2
  1371 | D:1      | Reached ** piety under Trog
  2406 | D:2      | Reached XP level 4. HP: 31/41 MP: 3/3
  2952 | D:2      | Found a stormy altar of Qazlal.
  2952 | D:2      | Found a sacrificial altar of Ru.
  3179 | D:2      | Found a glowing silver altar of Zin.
  3403 | D:3      | Found an opulent altar of Gozag.
  3530 | D:3      | Found a white marble altar of Elyvilon.
  3628 | D:3      | Reached skill level 5 in Axes
  3659 | D:3      | Noticed Robin
  3667 | D:3      | Reached XP level 5. HP: 16/47 MP: 4/4
  3697 | D:3      | Killed Robin
  3766 | D:3      | HP: 2/47 [poisoned by a kobold]
  3767 | D:3      | Succumbed to a kobold's poison

Vault maps used:
D:1:      sevenhm_arrival_forest_fort_large_4
D:2:      gammafunk_temple_overflow_statue, zin_statuary
D:3:      elyvilon_altar_4, lemuel_round_altar, nicolae_gozag_seed_capital,
          lightli_sewer_entry_pipes, minmay_misc_feat_hallway,
          minmay_misc_feat_pillars, minmay_misc_feat_square,
          corexii_leaking_fountain, uniq_robin

Skill      XL: |  1  2  3  4 |
---------------+-------------+-----
Axes           | 4 5 |  5.0
Fighting       | 4 |  4.6
Armour         | 3 4 |  4.3
Dodging        | |  2.6
Stealth        | |  0.1

Action                   |  1- 3 |  4- 6 || total
-------------------------+-------+-------++-------
Melee: Hand axe          |    76 |       ||    76
       Club              |     7 |       ||     7
       Headbutt          |    12 |     7 ||    19
       War axe           |     9 |    49 ||    58
Invok: Berserk           |       |     1 ||     1
  Use: Scroll            |     3 |     1 ||     4
  Eat: Bread ration      |     1 |     1 ||     2
       Fruit             |       |     1 ||     1
       Beef jerky        |       |     1 ||     1
       Chunk             |       |     1 ||     1
Armor: Chain mail        |    84 |    52 ||   136
       Animal skin       |     1 |       ||     1
Dodge: Dodged            |    68 |    21 ||    89
